[Event "Late-Titled-Tuesday-Blitz-January-30-2024"]
[Site "Chess.com"]
[Date "2024.01.30"]
[Round "11"]
[White "neri_gaite"]
[Black "rose107"]
[Result "1-0"]
[WhiteElo "2032"]
[BlackElo "2105"]
[TimeControl "180+1"]
[EndTime "16:07:28 PST"]
[Termination "neri_gaite won by checkmate"]

1. d4 d5 2. c4 e6 3. Nc3 Nf6 4. Bg5 Be7 5. e3 O-O 6. Nf3 Nbd7 7. Qc2 a6 8. Bd3 dxc4 9. Bxc4 b5 10. Bd3 Bb7 11.
Bxf6 Nxf6 12. Ne4 Nxe4 13. Bxe4 Bxe4 14. Qxe4 c5 15. dxc5 Bxc5 16. O-O Qf6 17. Qe5 Qxe5 18. Nxe5 Rfd8 19. Rfd1 g6 20. Rac1 Bf8 21. b3 Rac8 22. Kf1 Bg7 23. Nf3 Rxd1+ 24. Rxd1 Rc2 25. Rd2 Rc7 26.
Ke2 f6 27. Nd4 Kf7 28. Rc2 Rxc2+ 29. Nxc2 e5 30. e4 a5 31. Na3 b4 32. Nc4 Bf8 33.
Nxa5 Ke6 34. Kd3 Kd6 35. Nc4+ Kc5 36. Ne3 Bh6 37. Nd5 f5 38. f3 Bg7 39. Ne3 f4 40. Ng4 h5 41. Nf2 g5 42. h3 Bf6 43. Nd1 h4 44. Nb2 Bd8 45. Nc4 Bf6 46. Na5 Bd8 47. Nb7+ Kc6 48. Nxd8+ Kd6 49. Nf7+ Kc5 50. Nxe5 Kd6 51.
Nf7+ Ke6 52. Nxg5+ Kf6 53. Nh7+ Kg6 54. Nf8+ Kf7 55.
Nd7 Ke6 56. Nc5+ Kd6 57. Kd4 Kc6 58. Ne6 Kb5 59. Nxf4 Ka5 60. Ng6 Kb5 61. Nxh4 Ka5 62. Nf5 Kb5 63. h4 Ka5 64. h5 Kb5 65. h6 Ka5 66. h7 Kb5 67. g4 Ka5 68. g5 Kb5 69.
g6 Ka5 70. g7 Kb5 71. Ne7 Ka5 72. Nd5 Kb5 73. f4 Ka5 74. f5 Kb5 75. f6 Ka5 76. f7 Kb5 77. e5 Ka5 78. e6 Kb5 79. e7 Ka5 80. Kc4 Ka6 81. Nxb4+ Ka5 82. Nc6+ Kb6 83.
Kd5 Ka6 84. a4 Kb6 85. b4 Ka6 86. Kc5 Kb7 87. h8=R Kc7 88. Rh1 Kb7 89. g8=N Ka6 90. Nh6 Kb7 91. Ng4 Ka6 92. Ne3 Kb7 93. Ng2 Ka6 94. Nf4 Kb7 95. Ne2 Ka6 96. Ng1 Kb7 97.
f8=B Ka6 98. Bh6 Kb7 99. Bc1 Ka6 100. e8=B Kb7 101. Bh5 Ka6 102. Be2+ Kb7 103. Bf1 Kc7 104. Nd4 Kb7 105. Nb3 Kc7 106. Nd2 Kb7 107. Nb1 Kc7 108. b5 Kb7 109. Rh7+ Ka8 110. Kb6 Kb8 111. Rh8# 1-0

[Event "Late-Titled-Tuesday-Blitz-January-30-2024"]
[Site "Chess.com"]
[Date "2024.01.30"]
[Round "11"]
[White "GMKrikor"]
[Black "wqws"]
[Result "1-0"]
[WhiteElo "2791"]
[BlackElo "2629"]
[TimeControl "180+1"]
[EndTime "16:07:37 PST"]
[Termination "GMKrikor won by resignation"]

1. Nf3 Nf6 2. c4 g6 3. Nc3 Bg7 4. e4 d6 5. d4 O-O 6. h3 a6 7.
Be3 Nfd7 8. Be2 e5 9. O-O Nc6 10.
Re1 f5 11. exf5 gxf5 12. dxe5 f4 13. Bd2 Ndxe5 14. Nd5 Nxf3+ 15. Bxf3 Ne5 16. Bxf4 c6 17. Bxe5 Bxe5 18. Nc3 Qg5 19. Bg4 h5 20. Ne4 Qg6 21. Bxh5 Qh6 22. Bg4 Bxg4 23. Qxg4+ Kh8 24. Ng5 Qg6 25. h4 Rf5 26. Re2 Rg8 27. Rae1 Rf4 28. Qh3 Rxc4 29. b3 Rf4 30. g3 Rff8 31. f4 Bd4+ 32.
Kg2 Re8 33. Qg4 d5 34. Re6 Qc2+ 35. Kh3 Rxe6 36. Qh5+ Kg7 37. Rxe6 Qf5+ 38. Qg4 Qxg4+ 39. Kxg4 Bf6 40. Kf5 Rf8 41. Kg4 Rd8 42. Re2 Rd7 43. Ne6+ Kf7 44. Nc5 Rc7 45. Kf5 Be7 46. Nd3 c5 47. h5 c4 48. bxc4 dxc4 49. Ne5+ Kg7 50. g4 c3 51. g5 c2 52. Nd3 Kf8 53. h6 Ba3 54. g6 c1=Q 55. g7+ Kf7 56. Nxc1 Bxc1 57.
Re8 Rc5+ 58. Kg4 Kxe8 59. g8=Q+ Kd7 60. h7 Bb2 61. Qf7+ Kc6 62. Qe6+ Kc7 63. Qf7+ Kb6 64.
Qg8 Rc1 65. h8=Q Bxh8 66. Qxh8 Rc2 67. a3 Rg2+ 68. Kf3 Rc2 69. Qd4+ Ka5 70. Qd3 Rc6 71. f5 b5 72. Ke4 Ka4 73. Ke5 a5 74.
f6 b4 75. axb4 axb4 76. Qd5 Rb6 77. Qc5 Rb8 78. Qa7+ Kb3 1-0

[Event "Late-Titled-Tuesday-Blitz-January-30-2024"]
[Site "Chess.com"]
[Date "2024.01.30"]
[Round "11"]
[White "RantomOpening"]
[Black "IngOscarArdila"]
[Result "1/2-1/2"]
[WhiteElo "2522"]
[BlackElo "2345"]
[TimeControl "180+1"]
[EndTime "16:07:44 PST"]
[Termination "Game drawn by repetition"]

1. e4 e5 2. Nf3 Nf6 3. Nxe5 d6 4. Nf3 Nxe4 5. c3 Nf6 6. d4 Be7 7. Bd3 Bg4 8. O-O O-O 9. Bg5 Nbd7 10. Nbd2 c6 11. h3 Bh5 12. Qb3 b6 13. Rfe1 Re8 14.
Ba6 Rb8 15. Nh4 Nd5 16. Bxe7 Rxe7 17. Bc4 Rxe1+ 18. Rxe1 Qxh4 19. Bxd5 cxd5 20. Qxd5 Qf4 21. Nc4 Nf6 22. Qxd6 Qxd6 23. Nxd6 Kf8 24. Nb5 a6 25.
Na3 Bg6 26. Nc4 b5 27. Ne5 Rd8 28. f3 Nd5 29. Kf2 f6 30. Nxg6+ hxg6 31. Re6 Nc7 32. Rc6 Rd7 33. Rb6 Ke7 34. Rb8 Rd8 35. Rb6 Rd6 36. Rb8 a5 37. Ke3 b4 38. c4 Re6+ 39. Kd3 Re1 40.
Rb7 Kd8 41. Ra7 Rd1+ 42. Ke3 Ne6 43. d5 Nd4 44. Rxa5 g5 45. Ra8+ Kd7 46. Rg8 Kd6 47. Rd8+ Kc7 48. Ra8 f5 49. Ra7+ Kd6 50. Rxg7 Nc2+ 51.
Ke2 Rb1 52. Rg6+ Kd7 53. c5 Rxb2 54. Rg7+ Ke8 55. c6 Nd4+ 56. Kd3 Nb5 57. c7 Nxc7 58. Rxc7 Rxa2 59. g4 fxg4 60. fxg4 Ra3+ 61. Ke4 Rxh3 62.
Kf5 Rd3 63. Rc5 b3 64. Rb5 b2 65. Kxg5 Rxd5+ 66. Rxd5 b1=Q 67. Rf5 Ke7 68. Kf4 Qc1+ 69.
Ke4 Qc2+ 70. Kf4 Qd2+ 71. Kg3 Qe3+ 72. Kh4 Qe1+ 73. Kh3 Qh1+ 74. Kg3 Qg1+ 75. Kf3 Qh1+ 76. Ke3 Qg1+ 77. Kf4 Qh2+ 78. Kg5 Qd2+ 79. Kg6 Qd3 80. Kh5 Qh3+ 81. Kg5 Ke6 82. Kf4 Qh2+ 83. Kg5 Qd2+ 84. Kg6 Qd3 85. Kh6 Qh3+ 86. Kg5 Qe3+ 87. Kg6 Qe4 88. Kh5 Qh1+ 89. Kg6 Qe4 90. Kh5 Qh1+ 91.
Kg5 Qc1+ 92. Kg6 Qc2 93. Kg7 Qe4 94. Ra5 Qxg4+ 95. Kh7 Qh3+ 96. Kg8 Qg3+ 97. Kh7 Qh3+ 98.
Kg8 Qg2+ 99. Kh8 Qh3+ 100. Kg8 1/2-1/2

[Event "Late-Titled-Tuesday-Blitz-January-30-2024"]
[Site "Chess.com"]
[Date "2024.01.30"]
[Round "11"]
[White "Hikaru"]
[Black "Polish_fighter3000"]
[Result "1-0"]
[WhiteElo "3300"]
[BlackElo "3054"]
[TimeControl "180+1"]
[EndTime "16:07:50 PST"]
[Termination "Hikaru won on time"]

1. e4 e5 2. Bc4 Nf6 3. d3 Nc6 4. Nc3 Na5 5. Qf3 Nxc4 6. dxc4 Bc5 7. Nge2 d6 8. h3 Be6 9. b3 h6 10. Bb2 O-O 11. Ng3 a5 12. O-O Nd7 13. Rad1 Qf6 14. Qd3 Qg5 15. Bc1 Qh4 16. Be3 Bxe3 17. Qxe3 Rfe8 18. a4 b6 19. Kh2 Qg5 20. Qe1 Nc5 21. f3 Re7 22. Qf2 Rf8 23. Rde1 Kh8 24. Nce2 Bd7 25. Nc3 Be6 26. Nge2 f5 27. f4 Qf6 28.
exf5 Qxf5 29. Ng3 Qf7 30. f5 Qg8 31. Qe3 Bc8 32. Rf2 Ref7 33. Ref1 Bb7 34. f6 gxf6 35.
Qxh6+ Rh7 36. Qe3 Qg6 37. Nd5 Bxd5 38. cxd5 Nd7 39. Nf5 Rg8 40. Re2 Qg5 41. Qxg5 fxg5 42. c4 Rf8 43. g4 Nc5 44. Re3 Kg8 45. Kg2 Kh8 46. Rh1 Rff7 47. Kg3 Kg8 48. Rf3 Kf8 49.
Kf2 Ne4+ 50. Ke3 Nc5 51. Kd2 Ke8 52. Kc2 Kd7 53. Rhf1 Rf8 54. Ne3 Rf4 55. Ng2 Rxf3 56. Rxf3 Ne4 57. Ne3 Nc5 58. Nf5 Kc8 59. Kd2 Kd7 60. Ke2 Rh8 61. Kf1 Ne4 62. Kg2 Nc5 63.
Ng3 Ke7 64. Re3 Kf6 65. Nh5+ Ke7 66. Ng7 Rh7 67. Nf5+ Kd7 68. h4 gxh4 69. Kh3 Ke8 70. g5 Kf7 71. Nxh4 Rh8 72. Kg4 Kg7 73. Nf5+ Kg6 74.
Rf3 Ne4 75. Nh4+ Kg7 76. Rf1 Rg8 77. g6 Rh8 78. Rf7+ Kh6 79. Rxc7 Nf6+ 80. Kf5 Nh5 81. Rf7 Ng7+ 82. Kg4 e4 83. Re7 Rf8 84. Rxe4 Rf2 85. Re3 Rb2 86. Rh3 Ne8 87. Kf5 Ng7+ 88. Kf6 Nh5+ 89.
Ke7 Kg5 90. Nf3+ Kxg6 91. Nd4 Nf4 92. Rg3+ Kh5 93. Kxd6 Rd2 94. Ne6 Nd3 95. Rxd3 Rxd3 96. Nf4+ 1-0